 Dungeon Crawl Stone Soup version 0.31-a0-200-gbc41564c69 (webtiles) character file.

Game seed: 12251682819523477035

65 qw the Shooter (level 3, 0/20 HPs)
             Began as a Deep Elf Hunter on June 25, 2023.
             Slain by Sigmund
             ... wielding a +0 scythe
              (3 damage)
             ... on level 3 of the Dungeon.
             The game lasted 00:00:33 (2016 turns).

qw the Shooter (Deep Elf Hunter)                    Turns: 2016, Time: 00:00:34

Health: 0/20       AC:  5    Str: 10    XL:     3   Next: 94%
Magic:  5/5        EV: 11    Int: 13    God:
Gold:   122        SH:  0    Dex: 18    Spells: 2/2 levels left

rFire   . . .        Y - +2 shortbow
rCold   . . .        (shield currently unavailable)
rNeg    . . .        a - +0 ring mail
rPois   .            (no helmet)
rElec   .            (no cloak)
rCorr   .            (no gloves)
SInv    .            (no boots)
Will    .....        (no amulet)
Stlth   +            (no ring)
HPRegen 0.23/turn    (no ring)
MPRegen 0.09/turn

%: no passive effects
@: no status effects
A: no striking features
a: no special abilities


You were on level 3 of the Dungeon.
You visited 1 branch of the dungeon, and saw 3 of its levels.

You collected 122 gold pieces.


   Skills:
 - Level 1.5 Fighting
 + Level 7.4 Ranged Weapons
 - Level 2.4 Dodging
 - Level 1.2 Stealth


You had 2 spell levels left.
You didn't know any spells.
Your spell library was empty.

Inventory:

Hand Weapons
 Y - a +2 shortbow (weapon)
Armour
 a - a +0 ring mail (worn)
Potions
 b - a potion of might {unknown}
 d - a potion of lignification {unknown}

Dungeon Overview and Level Annotations

Branches:
Dungeon (3/15)

Altars:

Annotations:
D:3 Sigmund


Message History

An orc comes into view. It is wielding a +0 flail.
Sigmund casts a spell.
Sigmund flickers and vanishes!
Deactivating autopickup; reactivate with Ctrl-A.
You shoot an arrow. The arrow hits the bat.
The bat is moderately wounded.
The bat hits you but does no damage.
You shoot an arrow. The arrow hits the bat!
You kill the bat!
You shoot an arrow. The arrow hits the orc.
The orc is lightly wounded.
You shoot an arrow. The arrow hits the orc.
The orc is almost dead.
You shoot an arrow. The arrow hits the orc!
You kill the orc!
Something hits you but does no damage.
You shoot an arrow. Something hits you.
You shoot an arrow. Something hits you.
You shoot an arrow. You shoot an arrow. Something hits you.
You shoot an arrow. Something hits you.
You shoot an arrow. Something hits you.
You shoot an arrow. Something hits you.
You shoot an arrow. You shoot an arrow. Something hits you but does no damage.
You shoot an arrow. Something hits you but does no damage.
You shoot an arrow. Something hits you but does no damage.
You shoot an arrow. You shoot an arrow. Something hits you.
You die...

....# ##.#'##
#....# ### ....#
#...# #....# #
..### ##..# #....#
.. ###..# #....# ..
#....## ######
#+##..##########
....(..#.#.........
.......#...........
.......##..@.......
....... ####.######
....... {.# ####.#.
).# .... ..# )..
.### ..


There were no monsters in sight!

Vanquished Creatures
  An adder (D:3)
  A shadow imp (D:3)
  2 dart slugs
  An orc (D:3)
  3 ball pythons
  5 endoplasms
  3 hobgoblins
  2 jackals (D:3)
  2 quokkas (D:2)
  4 bats
  4 frilled lizards
  3 goblins
  5 kobolds
  9 rats
45 creatures vanquished.

Notes
Turn   | Place    | Note
-------+----------+-------------------------------------------
     0 | D:1      | qw the Deep Elf Hunter began the quest for the Orb.
     0 | D:1      | Reached XP level 1. HP: 12/12 MP: 3/3
     0 | D:1      | 0 ||| qw: Version: 0.3-a-22-g0ed2b0b
     0 | D:1      | 0 ||| qw: Game counter: 5599
     0 | D:1      | 0 ||| qw: Melee chars always use a shield: true
     0 | D:1      | 0 ||| qw: God list: Okawaru
     0 | D:1      | 0 ||| qw: Allow faded altars: false
     0 | D:1      | 0 ||| qw: Do Orc after clearing Dungeon:15 true
     0 | D:1      | 0 ||| qw: Do second Lair branch before Depths: true
     0 | D:1      | 0 ||| qw: Lair rune preference: random
     0 | D:1      | 0 ||| qw: Goals: Normal
     0 | D:1      | 0 ||| PLANNING D:1-11
   194 | D:1      | Reached XP level 2. HP: 16/16 MP: 4/4
   198 | D:1      | Reached skill level 6 in Ranged Weapons
   532 | D:1      | 532 ||| DROPPING scarf of shadows.
   533 | D:1      | 533 ||| READING scroll labelled RERISU LUDAURUST.
   534 | D:1      | 534 ||| DROPPING scroll of butterflies.
  1158 | D:2      | Reached XP level 3. HP: 20/20 MP: 5/5
  1577 | D:2      | 1577 ||| UPGRADING to +0 ring mail.
  1587 | D:2      | 1587 ||| DROPPING +0 leather armour.
  1588 | D:2      | 1588 ||| DROPPING ring of flight.
  1589 | D:2      | 1589 ||| READING scroll labelled SARIOTZUUNG.
  1859 | D:3      | Reached skill level 7 in Ranged Weapons
  1992 | D:3      | 1992 ||| READING scroll of enchant weapon.
  1992 | D:3      | 1992 ||| ENCHANTING +1 shortbow.
  1994 | D:3      | Noticed Sigmund
  2010 | D:3      | HP: 1/20 [something (5)]
  2016 | D:3      | Slain by Sigmund

Levels and vault maps discovered:
D:1:      scummos_arrival_simple_fountains, layout_loops_ring,
          grunt_decor_arrowhead
D:2:      layout_basic, minmay_fountain_box
D:3:      layout_basic, old_standard_altar, mainiacjoe_overflow_alcove_4,
          serial_glass, glass_columns_b, glass_columns_c, uniq_sigmund

Skill      XL: |  1  2  3 |
---------------+----------+-----
Ranged Weapons | 6 7 |  7.4
Fighting       | |  1.5
Dodging        | |  2.4
Stealth        | |  1.2

Action                     || total
---------------------------++-------
   Fire: Shortbow          ||   124
    Use: Scroll            ||     3
 Armour: Leather armour    ||     3
         Ring mail         ||     7
  Dodge: Dodged            ||    14

Table legend:
 A = Non-vault XP
 B = Vault XP
 C = Vault XP percentage of total XP
 D = Non-vault monster count
 E = Vault monster count
 F = Vault count percentage of total count
                 A         B        C        D         E       F
            +---------+---------+-------+---------+---------+-------
      Total |      94 |       0 |   0.0 |      45 |       0 |   0.0
            +---------+---------+-------+---------+---------+-------
        D:1 |      19 |       0 |   0.0 |      13 |       0 |   0.0
        D:2 |      30 |       0 |   0.0 |      18 |       0 |   0.0
        D:3 |      45 |       0 |   0.0 |      14 |       0 |   0.0
            +---------+---------+-------+---------+---------+-------
